 Dungeon Crawl Stone Soup version 0.28.0-53-g5a82cb258f (webtiles) character file.

Game seed: 2866060171323045317

184 DemonSlayer the Firebug (level 5, 0/35 HPs)
             Began as a Demonspawn Fire Elementalist on July 26, 2022.
             Slain by a gnoll
             ... wielding a +0 spear
              (5 damage)
             ... on level 4 of the Dungeon.
             The game lasted 00:08:58 (4493 turns).

DemonSlayer the Firebug (DsFE)                      Turns: 4493, Time: 00:08:59

Health: 0/35       AC:  4    Str:  8    XL:     5   Next: 36%
Magic:  2/9        EV: 12    Int: 18    God:
Gold:   143        SH:  0    Dex: 16    Spells: 4/10 levels left

rFire   + + .      SeeInvis .   c - +0 short sword
rCold   + . .      Faith    .   (no shield)
rNeg    . . .      Spirit   .   l - +0 leather armour {rF+}
rPois   .          Reflect  .   (helmet restricted)
rElec   .          Harm     .   (no cloak)
rCorr   .          Rampage  .   (no gloves)
Will    .....                   m - +0 pair of boots
Stlth   ++........              (no amulet)
HPRegen 0.11/turn               b - ring of protection from fire
MPRegen 0.11/turn               j - ring of protection from cold

@: no status effects
A: antennae 1, spiny 1, agile 1
a: no special abilities


You were on level 4 of the Dungeon.
You visited 1 branch of the dungeon, and saw 4 of its levels.

You collected 143 gold pieces.

Inventory:

Hand Weapons
 c - a +0 short sword (weapon)
Armour
 l - a +0 leather armour of fire resistance (worn)
 m - a +0 pair of boots (worn)
Jewellery
 b - a ring of protection from fire (left hand)
 j - a ring of protection from cold (right hand)
Wands
 d - a wand of paralysis (6)
Scrolls
 a - a scroll of noise {unknown}
 n - 2 scrolls of teleportation
Potions
 e - a potion of experience {unknown}
 f - 2 potions of curing {unknown}
 g - a potion of mutation
 i - a potion of brilliance {unknown}
 k - a potion of lignification {unknown}


   Skills:
 + Level 0.2 Fighting
 + Level 1.7 Armour
 + Level 2.0 Dodging
 + Level 2.1 Stealth
 + Level 3.2 Spellcasting
 + Level 1.8 Conjurations
 + Level 3.8 Fire Magic


You had 4 spell levels left.
You knew the following spells:

 Your Spells              Type           Power      Damage    Failure   Level
a - Foxfire               Conj/Fire      52%        2x1d6     7%          1
b - Scorch                Fire           32%        2d6       7%          2
c - Mephitic Cloud        Conj/Pois/Air  5%         N/A       45%         3

Your spell library contained the following spells:

 Spells                   Type           Power      Damage    Failure   Level
 Conjure Flame            Conj/Fire      13%        6-21      22%         3
 Inner Flame              Hex/Fire       9%         N/A       30%         3
 Ensorcelled Hibernation  Hex/Ice        4%         N/A       34%         2
 Passwall                 Tmut/Erth      1%         N/A       34%         2
 Ignite Poison            Fire/Tmut/Pois 7%         N/A       36%         3
 Swiftness                Air            2%         N/A       56%         3
 Flame Wave               Conj/Fire      13%        2d6       56%         4
 Freezing Cloud           Conj/Ice/Air   2%         6-21      99%         5


Dungeon Overview and Level Annotations

Branches:
Dungeon (4/15)
 Temple: D:4-7

Altars:

Annotations:
D:3 3 runed translucent doors, DemonSlayer's ghost, amateur DsFE; Jingleheimer's ghost, amateur DsBe; bnorton916's ghost, amateur DEFE; turdburglar's ghost, weakling DrEn


Innate Abilities, Weirdness & Mutations

You have a pair of small antennae on your head.
You are partially covered in sharp spines.
You are agile. (Dex +2)


Message History

The gnoll is heavily wounded.
The gnoll's fire resistance burns away.
The gnoll is struck by your spines. The gnoll barely misses you.
The gnoll completely misses you.
Flames lash the gnoll.
The gnoll is heavily wounded.
The gnoll's fire resistance burns away.
The gnoll is struck by your spines.
You kill the gnoll!
The gnoll barely misses you.
Flames lash the gnoll.
The gnoll is burned terribly!
You kill the gnoll!
The gnoll hits you with a +0 flail.
You don't have enough magic to cast this spell.
You don't have enough magic to cast this spell.
You don't have enough magic to cast this spell.
You don't have enough magic to cast this spell.
You hit the gnoll but do no damage.
The gnoll is moderately wounded.
The gnoll hits you with a +0 flail.
You barely miss the gnoll.
The gnoll is moderately wounded.
The gnoll barely misses you. The gnoll is struck by your spines.
The gnoll hits you with a +0 flail.
You completely miss the gnoll.
The gnoll is almost dead.
The gnoll barely misses you. The gnoll is struck by your spines.
You kill the gnoll!
Your magical contamination has completely faded away.
You closely miss the gnoll. The gnoll is struck by your spines.
The gnoll hits you with a +0 spear.
You hit the gnoll.
The gnoll is moderately wounded.
The gnoll closely misses you. The gnoll hits you with a +0 spear.
You barely miss the gnoll.
The gnoll is moderately wounded.
The gnoll is struck by your spines. The gnoll hits you with a +0 spear!
* * * LOW HITPOINT WARNING * * *
You completely miss the gnoll.
The gnoll is heavily wounded.
The gnoll hits you with a +0 spear.
You die...

..... #...# ### .....
#...# #.. #.:.. # #...#
#.# #......# #...# #.#
#.#.##.####...####.#
#.#$#...)........)†.
#.#))............... #.#@#
..............
#.g.##.####...####..
#......# #...# #..
#.###### #...# ##. #.#
#...#####. #.# #.........
#.# ###...#####.
#.#######.......####
..#####.............#.#.).


You could see a gnoll.

Vanquished Creatures
  An orc wizard (D:4)
  3 adders
  3 gnolls (D:4)
  An ufetubus (D:3)
  A worm (D:3)
  A dart slug (D:4)
  9 orcs
  10 endoplasms
  2 giant cockroaches
  5 hobgoblins
  6 jackals (D:3)
  2 quokkas
  7 ball pythons
  8 bats
  4 frilled lizards
  5 goblins
  11 kobolds
  2 rats
81 creatures vanquished.

Vanquished Creatures (others)
  144 foxfires
  2 withered plants (D:3)
146 creatures vanquished.

Grand Total: 227 creatures vanquished

Notes
Turn   | Place    | Note
-------+----------+-------------------------------------------
     0 | D:1      | DemonSlayer the Demonspawn Fire Elementalist began the
                  | quest for the Orb.
     0 | D:1      | Reached XP level 1. HP: 13/13 MP: 3/3
   341 | D:1      | Gained mutation: You have a pair of small antennae on your
                  | head. [demonic ancestry]
   341 | D:1      | Reached XP level 2. HP: 19/19 MP: 0/5
   344 | D:1      | Learned a level 2 spell: Scorch
   931 | D:1      | Found a faded altar of an unknown god.
  1137 | D:2      | Reached XP level 3. HP: 24/24 MP: 0/6
  1575 | D:2      | Learned a level 3 spell: Mephitic Cloud
  2147 | D:3      | Reached XP level 4. HP: 24/30 MP: 2/7
  2216 | D:3      | Noticed Jingleheimer's ghost (amateur DsBe)
  2218 | D:3      | Found a runed translucent gate.
  2218 | D:3      | Found a runed translucent gate.
  2219 | D:3      | Found a runed translucent gate.
  2219 | D:3      | Noticed turdburglar's ghost (weakling DrEn)
  2219 | D:3      | Noticed DemonSlayer's ghost (amateur DsFE)
  2219 | D:3      | Noticed bnorton916's ghost (amateur DEFE)
  3939 | D:3      | Gained mutation: You are agile. (Dex +2) [potion of
                  | mutation]
  4167 | D:4      | Reached skill level 1 in Armour
  4167 | D:4      | Gained mutation: You are partially covered in sharp spines.
                  | [demonic ancestry]
  4167 | D:4      | Reached XP level 5. HP: 24/35 MP: 1/9
  4493 | D:4      | Slain by a gnoll

Illustrated notes

Levels and vault maps discovered:
D:1:      arrival_zaba_pyramid, layout_rooms,
          hellmonk_ecumenical_altar_prayer_group
D:2:      layout_rooms
D:3:      layout_basic, gammafunk_ghost_cemetery, grunt_ministairs_2,
          minmay_misc_feat_columns, chequers_serial_rivers_micro_a
D:4:      layout_loops_cross, uniq_ijyb

Skill      XL: |  1  2  3  4  5 |
---------------+----------------+-----
Fire Magic     | 3 |  3.8
Stealth        | 2 |  2.1
Armour         | 1 |  1.7
Dodging        | 2 |  2.0
Spellcasting   | 3 |  3.2
Fighting       | |  0.2
Conjurations   | |  1.8

Action                   |  1- 3 |  4- 6 || total
-------------------------+-------+-------++-------
Melee: Unarmed           |     2 |       ||     2
       Short sword       |    25 |    58 ||    83
       Punch             |       |     4 ||     4
 Cast: Foxfire           |    73 |    12 ||    85
       Scorch            |     5 |    33 ||    38
  Use: Potion            |       |     5 ||     5
       Scroll            |       |     4 ||     4
 Stab: Sleeping          |     2 |     2 ||     4
Armor: Robe              |     4 |       ||     4
       Leather armour    |     3 |    47 ||    50
Dodge: Dodged            |    20 |    58 ||    78
